 Dungeon Crawl Stone Soup version 0.31.0-32-g396128a36d (webtiles) character file.

Game seed: 1510620674306569103

883 CapUranus the Cleaver (level 8, -3/68 HPs)
             Began as a Hill Orc Fighter on Apr 23, 2024.
             Slain by a troll (9 damage)
             ... on level 6 of the Dungeon.
             The game lasted 00:13:39 (5202 turns).

CapUranus the Cleaver (Hill Orc Fighter)            Turns: 5202, Time: 00:13:40

Health: -3/68      AC: 16    Str: 21    XL:     8   Next: 5%
Magic:  8/8        EV: 11    Int:  8    God:
Gold:   58         SH:  5    Dex: 13    Spells: 7/7 levels left

rFire   . . .        a - +0 war axe
rCold   . . .        c - +0 buckler
rNeg    . . .        z - +1 ring mail of Defence {rCorr SInv Stlth+}
rPois   .            i - +0 helmet
rElec   .            l - +0 cloak
rCorr   +            E - +2 pair of gloves
SInv    +            y - +2 pair of boots "Xipnudui" {+Blink Dex+3}
Will    .....        (no amulet)
Stlth   ++           C - ring of see invisible
HPRegen 0.31/turn    (no ring)
MPRegen 0.11/turn

%: no passive effects
@: no status effects
A: no striking features
a: Evoke Blink


You were on level 6 of the Dungeon.
You visited 2 branches of the dungeon, and saw 7 of its levels.

You collected 230 gold pieces.
You spent 172 gold pieces at shops.

Inventory:

Hand Weapons
 a - a +0 war axe (weapon)
Missiles
 f - a throwing net (quivered)
Armour
 c - a +0 buckler (worn)
 i - a +0 helmet (worn)
 l - a +0 cloak (worn)
 x - a +0 chain mail
 y - the +2 pair of boots "Xipnudui" (worn) {+Blink Dex+3}
   (You found it on level 4 of the Dungeon)

   Dex+3:     It affects your dexterity (+3).
   +Blink:    It lets you blink.
 z - the +1 ring mail of Defence (worn) {rCorr SInv Stlth+}
   (You found it on level 4 of the Dungeon)

   SInv:      It lets you see invisible.
   rCorr:     It protects you from acid and corrosion.
   Stlth+:    It makes you more stealthy.
 A - an orb of wrath
 E - a +2 pair of gloves (worn)
Jewellery
 C - a ring of see invisible (left hand)
Wands
 b - a wand of paralysis (12)
 r - a wand of polymorph (8)
Scrolls
 g - a scroll of revelation {unknown}
 h - 7 scrolls of identify {unknown}
 j - 2 scrolls of silence {unknown}
 m - 3 scrolls of noise {unknown}
 o - a scroll of brand weapon {unknown}
 p - a scroll of blinking {unknown}
 s - 2 scrolls of amnesia {unknown}
 u - a scroll of teleportation {unknown}
Potions
 d - 2 potions of might
 e - 2 potions of attraction {unknown}
 k - 4 potions of enlightenment {unknown}
 n - a potion of cancellation {unknown}
 q - 2 potions of haste {unknown}
 t - 2 potions of mutation {unknown}
 v - 2 potions of curing {unknown}
 w - a potion of degeneration {unknown}
 B - a potion of ambrosia {unknown}
 D - a potion of brilliance {unknown}


   Skills:
 + Level 5.0 Fighting
 + Level 8.3 Axes
 + Level 5.7 Armour
 + Level 1.6 Dodging
 + Level 1.3 Stealth
 + Level 4.1 Shields
 + Level 0.5 Unarmed Combat


You had 7 spell levels left.
You didn't know any spells.
Your spell library contained the following spells:

 Spells                   Type           Power      Damage    Failure   Level
 Necrotise                Necr           0%         1d4       63%         1
 Shock                    Conj/Air       0%         1d3       63%         1
 Slow                     Hex            0%         N/A       63%         1
 Jinxbite                 Hex            0%         N/A       77%         2
 Confusing Touch          Hex            0%         N/A       94%         3
 Sigil of Binding         Hex            0%         N/A       94%         3
 Swiftness                Air            0%         N/A       94%         3
 Vampiric Draining        Necr           0%         2d6       94%         3
 Airstrike                Air            0%         2d(0-16)  100%        4
 Yara's Violent Unravell  Hex/Alch       0%         3d3       100%        5
 Enfeeble                 Hex            0%         N/A       100%        7


Dungeon Overview and Level Annotations

Branches:
Dungeon (6/15)             Temple (1/1) D:4

Altars:
Fedhas
Kikubaaqudgha
Makhleb
Nemelex Xobeh
Sif Muna
Trog
Vehumet
Wu Jian
Yredelemnul
Zin
Lugonu

Shops:
D:1 [:*[   D:5 =


Message History

The steam dragon hisses angrily.
The steam dragon breathes steam at you. The ball of steam hits you!
You enter the shallow water.
Moving in this stuff is going to be slow.
The troll is engulfed in a cloud of scalding steam.
The troll bites you! The troll claws you. The troll completely misses you.
The electric eel shoots out a bolt of lightning at you!
The bolt of electricity hits the plant!
The plant begins to die.
The bolt of electricity hits you! The troll attacks as it pursues you!
The troll bites you! The troll claws you! You block the troll's attack.
The steam dragon breathes steam at you.
The ball of steam hits the plant!!
The plant begins to die.
The ball of steam hits you!
* * * LOW HITPOINT WARNING * * *
Unknown command.
You are engulfed in a cloud of scalding steam.
* * * LOW HITPOINT WARNING * * *
The plant is engulfed in a cloud of scalding steam. x2
The plant begins to die.
The troll is engulfed in a cloud of scalding steam.
The troll attacks as it pursues you! You block the troll's attack.
The troll claws you.
* * * LOW HITPOINT WARNING * * *
The troll claws you but does no damage.
The troll is engulfed in a cloud of scalding steam.
The troll misses you. The troll claws you but does no damage.
You block the troll's attack.
A nearby plant withers and dies.
The plant is engulfed in a cloud of scalding steam.
The troll is engulfed in a cloud of scalding steam.
The troll attacks as it pursues you! The troll bites you but does no damage.
The troll claws you.
* * * LOW HITPOINT WARNING * * *
The troll closely misses you.
A nearby plant withers and dies. x2; The troll attacks as it pursues you!
The troll bites you.
* * * LOW HITPOINT WARNING * * *
The troll claws you!
You die...

### #.###############
#.÷<.............
#.######.######## ##...#
#..# #..#.♣♣♣♣♣.♣ ###
♣@♣♣♣~♣♣~~~♣♣♣♣♣..
##♣♣T~♣~~~~~~~~~PP~~♣
#♣~~~~~~~~≈≈~~~~~~~~~~
#♣~~~~~~P≈~≈≈≈≈~≈≈~~♣~~
#♣~§~~~~~~≈≈≈≈≈≈≈≈≈≈~P~~
####♣~~D~~P~~≈≈≈≈≈≈≈≈≈≈≈≈~~~
#.#..~~P~~~~~≈≈≈≈≈≈≈≈≈≈≈≈~P~
#...♣♣~~P♣~~≈≈≈≈≈≈≈≈≈≈≈≈≈~~~
#....~~~~♣~~~≈≈≈~≈≈≈≈≈≈~~♣~~


You could see a troll and a steam dragon.

Vanquished Creatures
  Grinder (D:3)
  A water moccasin (D:6)
  An ogre (D:4)
  2 electric eels (D:6)
  A hound (D:5)
  A jelly (D:4)
  2 orc priests
  Terence (D:3)
  Ijyb (D:3)
  2 orc wizards (D:5)
  7 adders
  3 gnolls (D:3)
  A white imp (D:5)
  2 ribbon worms
  3 dart slugs
  11 orcs
  10 ball pythons
  8 endoplasms
  A giant cockroach (D:2)
  6 goblins
  4 hobgoblins
  4 jackals
  4 quokkas
  4 bats
  3 frilled lizards
  7 kobolds
  6 rats
97 creatures vanquished.

Notes
Turn   | Place    | Note
-------+----------+-------------------------------------------
     0 | D:1      | CapUranus the Hill Orc Fighter began the quest for the Orb.
     0 | D:1      | Reached XP level 1. HP: 19/19 MP: 1/1
   123 | D:1      | Found Pestruh's Armour Shoppe.
   135 | D:1      | Reached XP level 2. HP: 27/27 MP: 2/2
   287 | D:1      | Reached skill level 3 in Axes
   384 | D:1      | Found Zyuschu's Book Emporium.
   549 | D:1      | Reached XP level 3. HP: 33/33 MP: 3/3
   577 | D:1      | Found Heteergh's General Store.
   668 | D:1      | Found Gynaar's Antique Armour Emporium.
  1058 | D:2      | Reached skill level 4 in Axes
  1165 | D:2      | Reached XP level 4. HP: 39/40 MP: 4/4
  1386 | D:3      | Noticed Ijyb
  1398 | D:3      | Killed Ijyb
  1468 | D:3      | Noticed Terence
  1488 | D:3      | Killed Terence
  1489 | D:3      | Reached XP level 5. HP: 16/46 MP: 5/5
  1614 | D:3      | Found a basalt altar of Yredelemnul.
  1674 | D:3      | Found an ornate altar of the Wu Jian Council.
  1948 | D:3      | Found a glowing silver altar of Zin.
  1958 | D:3      | Reached skill level 5 in Axes
  2137 | D:3      | Noticed Grinder
  2161 | D:3      | Paralysed by Grinder for 5 turns
  2177 | D:3      | Paralysed by Grinder for 3 turns
  2185 | D:3      | Killed Grinder
  2186 | D:3      | Reached skill level 6 in Axes
  2186 | D:3      | Reached XP level 6. HP: 13/53 MP: 6/6
  2459 | D:3      | Reached skill level 1 in Stealth
  2581 | D:3      | Found an ancient bone altar of Kikubaaqudgha.
  2586 | D:3      | Found a shimmering blue altar of Sif Muna.
  2587 | D:3      | Found a radiant altar of Vehumet.
  2590 | D:3      | Got Kikubaaqudgha's Incunable of the Graveyard
  3027 | D:4      | Reached skill level 7 in Axes
  3027 | D:4      | Reached skill level 5 in Armour
  3027 | D:4      | Reached skill level 1 in Dodging
  3027 | D:4      | Reached XP level 7. HP: 51/60 MP: 7/7
  3033 | D:4      | Found a staircase to the Ecumenical Temple.
  3042 | Temple   | Entered the Ecumenical Temple
  3156 | D:4      | Found a bloodstained altar of Trog.
  3176 | D:4      | Found a burning altar of Makhleb.
  3236 | D:4      | Identified the +2 pair of boots "Xipnudui" {+Blink Dex+3}
  3244 | D:4      | Identified the +1 ring mail of Defence {rCorr SInv Stlth+}
  3371 | D:4      | Found a blossoming altar of Fedhas.
  3506 | D:5      | Entered Level 5 of the Dungeon
  3829 | D:5      | Found Ikkubono's Jewellery Boutique.
  4146 | D:5      | Found a sparkling altar of Nemelex Xobeh.
  4422 | D:1      | Bought a pair of glowing gloves for 172 gold pieces
  4540 | D:6      | Reached skill level 8 in Axes
  4862 | D:6      | Reached XP level 8. HP: 43/67 MP: 8/8
  4988 | D:6      | Reached skill level 5 in Fighting
  5186 | D:6      | Noticed a troll
  5202 | D:6      | Slain by a troll

Illustrated notes

Levels and vault maps discovered:
D:1:      minmay_arrival_jagged, layout_loops_ring, serial_shops,
          nicolae_shop_rolling_square, shop, nicolae_shop_window_shopping,
          nicolae_shop_window_shopping
D:2:      layout_rooms, hangedman_glass_teeth
D:3:      layout_basic, grunt_temple_overflow_magic_moments, zin_academy,
          mainiacjoe_overflow_surrounded_room,
          mainiacjoe_overflow_concentric_impassable, kennysheep_generic_room_11,
          uniq_ijyb, uniq_terence, uniq_grinder
D:4:      layout_gridville, mainiacjoe_overflow_cross_hatched,
          mainiacjoe_overflow_brackets, mainiacjoe_overflow_alcove_4,
          minmay_temple_entry_grid
D:5:      layout_cave_pods, nemelex_xobeh_ov_fountains_minmay, serial_shops,
          nicolae_shop_rolling_square
D:6:      layout_basic, kennysheep_little_box, lemuel_round_altar, serial_bayou,
          serial_bayou_shore_a, serial_bayou_pond_d, serial_bayou_pond_b,
          serial_bayou_lagoon_b, serial_bayou_lake_a,
          hellmonk_guarded_unrand_lears, uniq_sigmund, uniq_jeremiah
Temple:   nicolae_temple_total_abyssal_victory

Skill      XL: |  1  2  3  4  5  6  7  8 |
---------------+-------------------------+-----
Axes           | 3 4 6 7 8 |  8.3
Fighting       | 4 5 |  5.0
Armour         | 4 5 |  5.7
Stealth        | 1 |  1.3
Dodging        | 1 |  1.6
Shields        | 4 |  4.1
Unarmed Combat | |  0.5

Action                     |  1- 3 |  4- 6 |  7- 9 || total
---------------------------+-------+-------+-------++-------
  Melee: War axe           |   101 |    94 |   115 ||   310
         Unarmed           |       |     7 |       ||     7
   Stab: Confused          |       |     1 |       ||     1
 Armour: Scale mail        |    63 |    63 |     2 ||   128
         Skin              |       |     1 |       ||     1
         Ring mail         |       |       |    87 ||    87
         Chain mail        |       |       |     2 ||     2
  Dodge: Dodged            |    44 |    48 |    44 ||   136
  Block: Buckler           |    28 |    17 |    16 ||    61
